 Dungeon Crawl Stone Soup version 0.20.0-10-g0535bb4 (webtiles) character file.

85745 xgamer67 the Brawler (level 15, -3/217 HPs)
             Began as a Troll Berserker on June 6, 2017.
             Was a High Priest of Trog.
             Slain by a spark wasp (17 damage)
             ... on level 4 of the Spider Nest.
             The game lasted 01:12:58 (19245 turns).

xgamer67 the Brawler (Troll Berserker)             Turns: 19245, Time: 01:12:59

Health: -3/217     AC: 10    Str: 34    XL:     15   Next: 38%
Magic:  17/17      EV: 26    Int:  3    God:    Trog [*****.]
Gold:   1401       SH: 12    Dex: 14    Spells: 14/14 levels left

rFire    + . .     SeeInvis .     - Unarmed
rCold    . . .     Gourm    +   r - +0 shield
rNeg     . . .     Faith    .   I - +2 robe {rF+}
rPois    .         Spirit   .   x - +2 hat
rElec    .         Reflect  .   H - +0 cloak
rCorr    .         Harm     .   (gloves unavailable)
MR       +....                  (boots unavailable)
Stlth    ..........             (no amulet)
Regen    0.9/turn               U - +6 ring of evasion
MPRegen  0.2/turn               a - +5 ring of evasion

@: berserking, lethally poisoned (-3 -> -3), very quick
A: unfitting armour, claws 3, fast metabolism 3, gourmand, regeneration 1,
shaggy fur 1, tough skin 2
a: Berserk, Trog's Hand, Brothers in Arms, Burn Spellbooks, Renounce Religion


You were on level 4 of the Spider Nest.
You worshipped Trog.
Trog was extremely pleased with you.
You were very hungry.

You visited 3 branches of the dungeon, and saw 23 of its levels.
You also visited: Sewer.

You collected 1735 gold pieces.
You spent 334 gold pieces at shops.

Inventory:

Hand Weapons
 b - a +5 blowgun
Missiles
 f - 2 throwing nets
 B - 4 javelins of returning (quivered)
 O - 6 needles of paralysis
 Q - 12 steel javelins
 R - 22 large rocks
 X - 8 curare-tipped needles
Armour
 r - a +0 shield (worn)
 x - a +2 hat (worn)
 H - a +0 cloak (worn)
 I - a +2 robe of fire resistance (worn)
Jewellery
 a - a +5 ring of evasion (right claw)
 i - an uncursed ring of protection from cold
 t - an uncursed ring of protection from fire
 w - an uncursed ring of resist corrosion
 T - an uncursed ring of see invisible
 U - a +6 ring of evasion (left claw)
Wands
 c - a wand of iceblast (5/15)
 y - a wand of digging (16/24)
 D - a wand of paralysis (8/24)
 F - a wand of paralysis (7/24)
 M - a wand of enslavement (16/24)
 Z - a wand of iceblast (3/15)
Scrolls
 e - 7 scrolls of remove curse
 h - 2 scrolls of recharging
 j - a scroll of immolation
 k - 3 scrolls of fear
 o - 6 scrolls of enchant armour
 A - 10 scrolls of teleportation
 E - 3 scrolls of blinking
 G - a scroll of magic mapping
 N - a scroll of holy word
 V - a scroll of fog
Potions
 d - 6 potions of flight
 g - 5 potions of curing
 l - 5 potions of might
 m - 2 potions of invisibility
 n - 3 potions of cancellation
 q - 10 potions of heal wounds
 u - 2 potions of resistance
 C - 4 potions of agility
 K - 2 potions of haste
Books
 z - a book of Party Tricks

   Spells                             Type                      Level
   a - Summon Butterflies             Summoning                    1
   b - Apportation                    Translocation                1
   c - Lesser Beckoning               Translocation                3
   d - Tukima's Dance                 Hexes                        3
   e - Alistair's Intoxication        Transmutation/Poison         5
   f - Invisibility                   Hexes                        6
   Trog disapproves of the use of such an item.
 L - a book of Ice

   Spells                             Type                      Level
   a - Ice Form                       Ice/Transmutation            4
   b - Metabolic Englaciation         Hexes/Ice                    5
   c - Ozocubu's Refrigeration        Ice                          6
   d - Bolt of Cold                   Conjuration/Ice              6
   e - Freezing Cloud                 Conjuration/Ice/Air          6
   f - Simulacrum                     Ice/Necromancy               6
   Trog disapproves of the use of such an item.
Miscellaneous
 v - a box of beasts
 J - a phial of floods (inert)
 W - a lightning rod (4/4)
 Y - a sack of spiders
Comestibles
 p - 57 fruits
 s - 7 meat rations
 P - 14 bread rations
 S - a chunk of flesh


   Skills:
 + Level 8.7 Fighting
 - Level 10.0 Throwing
 + Level 1.3 Armour
 - Level 9.0 Dodging
 - Level 9.0 Shields
 + Level 17.0 Unarmed Combat
 - Level 5.0 Evocations


You had 14 spell levels left.
You didn't know any spells.

Dungeon Overview and Level Annotations

Branches:
Dungeon (13/15)            Temple (0/1) D:7            Lair (6/6) D:10
 Shoals (0/4) Lair:4       Spider (4/4) Lair:3        Slime (0/5) Lair:6
    Orc (0/2) D:9
 Vaults: D:13-14

Altars:
Ashenzari
Elyvilon
Fedhas
Kikubaaqudgha
Makhleb
Qazlal
Ru
Vehumet
Xom
The Shining One
Jiyva

Shops:
D:4 [   D:7 ?   D:9 (

Annotations:
Lair:6 exclusion: oklob plant
Spider:3 Roxanne
Spider:4 2 exclusions


Innate Abilities, Weirdness & Mutations

You are too large for most types of armour.
You have claws for hands.
Your metabolism is lightning-fast.
You like to eat raw meat.
Your natural rate of healing is unusually fast.
You are covered in fur. (AC +1)
You have very tough skin. (AC +2)


Message History

The spark wasp blinks!
A red film seems to cover your vision as you go berserk!
You feel yourself moving faster!
You feel mighty!
You are feeling very hungry.
The spark wasp misses you. The spark wasp stings you!
* * * LOW HITPOINT WARNING * * *
The spark wasp shocks you!
* * * LOW HITPOINT WARNING * * *
You barely miss the spark wasp.
Your iron troll completely misses the spark wasp.
Your iron troll claws the spark wasp.
Your iron troll misses the spark wasp.
You barely miss the spark wasp.
The spark wasp is lightly wounded.
The spark wasp completely misses you.
You mangle the spark wasp!!
The spark wasp is heavily wounded.
The spark wasp stings you!!
* * * LOW HITPOINT WARNING * * *
The spark wasp shocks you!
You die...

.............^..............#
............................#
..^.........................#
....^.......................#
..........................^###
...........^.................##
..............................#
................y....../......#
..............^T@....^.......##
.....$^.......................#
,............^...............##
,,.......................^...#
,,,...................^......#
,,,,.........................#
,,,,,?..........^............#
,,,,,,,.....^................#
,,,,,,,.....................##


You could see a spark wasp and a friendly iron troll (berserk).

Vanquished Creatures
  2 ghost moths
  An emperor scorpion (Spider:4)
  An entropy weaver (Spider:2)
  A spark wasp (Spider:3)
  Josephine (D:10)
  5 hydras
  Erica (D:9)
  5 two-headed ogres
  The ghost of IjonTichy1 the Thaumaturge, a journeyman OpIE of Gozag (D:10)
  Urug (D:10)
  Sonja (D:10)
  An unseen horror (D:12)
  Pikel (D:6)
  A lindwurm (Lair:5)
  An oklob plant (Lair:4)
  3 orb spiders
  An ugly thing (D:10)
  17 wolf spiders
  4 elephants
  A cyclops (D:11)
  3 moths of wrath
  2 manticores
  Maurice (D:10)
  Joseph (D:7)
  4 black mambas
  12 spiny frogs
  A rime drake (Lair:6)
  7 komodo dragons
  9 demonic crawlers
  2 trolls
  4 polar bears (Lair:6)
  Grinder (D:3)
  9 hornets
  Prince Ribbit (D:9)
  16 jumping spiders
  6 hippogriffs
  A dream sheep (Lair:6)
  20 blink frogs
  A meliai zombie (D:12)
  11 spriggans (Lair:6)
  56 redbacks
  17 tarantellas
  4 wraiths (D:10)
  A vampire (D:11)
  3 wyverns
  15 yaks
  5 basilisks
  2 fire bats (Lair:2)
  4 vampire mosquitoes (D:12)
  A hungry ghost (D:12)
  Menkaure (D:4)
  Duvessa (D:5)
  9 porcupines
  8 water moccasins
  4 orc warriors
  3 ice beasts
  2 slaves (D:6)
  2 black bears (Lair:6)
  5 sky beasts
  4 phantoms
  A necrophage (D:9)
  An ogre (D:4)
  12 centaurs
  47 wolves
  6 boggarts
  15 crocodiles
  6 big kobolds
  22 bullfrogs
  Dowan (D:5)
  A wyvern skeleton (D:11)
  3 scorpions
  10 killer bees (D:12)
  3 howler monkeys
  6 electric eels
  3 crimson imps
  2 centaur zombies
  2 quasits
  A bullfrog zombie (D:11)
  3 jellies
  12 hounds
  A bullfrog skeleton (D:12)
  2 centaur skeletons
  An orc priest (D:9)
  Crazy Yiuf (D:6)
  3 iguanas
  6 orc wizards
  5 worker ants
  Ijyb (D:4)
  Terence (D:3)
  A hound zombie (D:9)
  A hound skeleton (D:4)
  A howler monkey zombie (D:7)
  16 adders
  A shadow imp (D:7)
  An ooze (D:7)
  An adder zombie (D:8)
  A worm (D:6)
  5 dart slugs
  3 leopard geckos
  30 orcs
  4 giant cockroaches
  5 goblins
  6 hobgoblins
  8 jackals
  25 kobolds
  5 quokkas
  A ball python (D:4)
  7 bats
  A frilled lizard (D:2)
  2 jackal skeletons
  7 rats
  A bush (Lair:4)
620 creatures vanquished.

Vanquished Creatures (collateral kills)
  An emperor scorpion (Spider:4)
  A spark wasp (Spider:4)
  A catoblepas (Lair:6)
  An orb spider (Spider:4)
  A polar bear (Lair:6)
  A hornet (Spider:4)
  2 spriggans (Lair:6)
  A plant (Lair:6)
9 creatures vanquished.

Vanquished Creatures (others)
  An orb spider (Spider:1)
  An ogre (D:5)
  A scorpion (D:5)
  A jelly (D:5)
  An orc wizard (D:5)
  A worker ant (D:5)
  An ooze (D:5)
  A quokka (D:5)
  A ball python (D:5)
  10 fungi
  29 plants
  9 toadstools (Lair:6)
57 creatures vanquished.

Grand Total: 686 creatures vanquished

Notes
Turn   | Place    | Note
-------+----------+-------------------------------------------
     0 | D:1      | xgamer67 the Troll Berserker began the quest for the Orb.
     0 | D:1      | Reached XP level 1. HP: 22/22 MP: 0/0
   127 | D:1      | Reached XP level 2. HP: 29/29 MP: 1/1
   492 | D:1      | Reached skill level 4 in Unarmed Combat
   570 | D:2      | Found a sacrificial altar of Ru.
   777 | D:2      | Reached ** piety under Trog
   777 | D:2      | Reached XP level 3. HP: 35/36 MP: 2/2
  1188 | D:3      | Noticed Terence
  1194 | D:3      | Killed Terence
  1194 | D:3      | Reached skill level 5 in Unarmed Combat
  1194 | D:3      | Reached XP level 4. HP: 44/44 MP: 3/3
  1336 | D:3      | Found a shattered altar of Ashenzari.
  1337 | D:3      | Noticed Grinder
  1347 | D:3      | Killed Grinder
  1347 | D:3      | Reached skill level 7 in Unarmed Combat
  1347 | D:3      | Reached XP level 5. HP: 48/50 MP: 4/4
  1347 | D:3      | Reached XP level 6. HP: 57/59 MP: 5/5
  1774 | D:4      | Found Lioch's Armour Shoppe.
  1775 | D:4      | Noticed Menkaure
  1781 | D:4      | Killed Menkaure
  1795 | D:4      | Bought a +0 shield for 58 gold pieces
  1838 | D:4      | Reached skill level 1 in Shields
  1838 | D:4      | Reached skill level 8 in Unarmed Combat
  1838 | D:4      | Reached XP level 7. HP: 45/66 MP: 6/6
  2325 | D:4      | Noticed Ijyb
  2333 | D:4      | Killed Ijyb
  2371 | D:5      | Entered Level 5 of the Dungeon
  2410 | D:5      | Found a burning altar of Makhleb.
  2452 | D:5      | Found an ancient bone altar of Kikubaaqudgha.
  2512 | D:5      | Found a glowing drain.
  2551 | Sewer    | Entered a sewer
  2624 | Sewer    | Reached XP level 8. HP: 74/74 MP: 7/7
  2625 | Sewer    | Reached *** piety under Trog
  2644 | Sewer    | Found a white marble altar of Elyvilon.
  2792 | D:5      | Found a shimmering altar of Xom.
  2846 | D:5      | Reached skill level 9 in Unarmed Combat
  3157 | D:5      | Noticed Duvessa
  3157 | D:5      | Noticed Dowan
  3169 | D:5      | Killed Duvessa
  3173 | D:5      | Killed Dowan
  3173 | D:5      | Reached skill level 1 in Throwing
  3433 | D:6      | Found a runed door.
  3455 | D:6      | Noticed Crazy Yiuf
  3460 | D:6      | Killed Crazy Yiuf
  3489 | D:6      | Noticed Pikel
  3496 | D:6      | Killed Pikel
  3496 | D:6      | Reached XP level 9. HP: 79/80 MP: 8/8
  3544 | D:6      | Reached skill level 10 in Unarmed Combat
  3680 | D:6      | Reached skill level 5 in Shields
  3718 | D:6      | Found a glowing golden altar of the Shining One.
  4037 | D:7      | Noticed Joseph
  4052 | D:7      | Killed Joseph
  4100 | D:7      | Found a radiant altar of Vehumet.
  4158 | D:7      | Found a white marble altar of Elyvilon.
  4158 | D:7      | Found a transporter.
  4169 | D:7      | Found a transporter.
  4352 | D:7      | Found Caofel's Magic Scroll Boutique.
  4355 | D:7      | Bought a scroll of identify for 24 gold pieces
  4355 | D:7      | Bought a scroll of teleportation for 36 gold pieces
  4355 | D:7      | Bought a scroll of blinking for 90 gold pieces
  4355 | D:7      | Bought a scroll of magic mapping for 42 gold pieces
  4355 | D:7      | Bought a scroll of teleportation for 36 gold pieces
  4355 | D:7      | Bought a scroll of identify for 24 gold pieces
  4355 | D:7      | Bought a scroll of identify for 24 gold pieces
  4552 | D:7      | Found a staircase to the Ecumenical Temple.
  4640 | D:8      | Reached **** piety under Trog
  4813 | D:8      | Reached XP level 10. HP: 79/91 MP: 9/9
  4898 | D:8      | Received a gift from Trog
  4978 | D:8      | Noticed a two-headed ogre
  4988 | D:8      | Killed a two-headed ogre
  4988 | D:8      | Reached skill level 1 in Evocations
  5191 | D:9      | Reached skill level 11 in Unarmed Combat
  5231 | D:9      | Noticed a two-headed ogre
  5239 | D:9      | Killed a two-headed ogre
  5352 | D:9      | Noticed Erica
  5352 | D:9      | Noticed Prince Ribbit
  5361 | D:9      | Killed Erica
  5381 | D:9      | Received a gift from Trog
  5390 | D:9      | Killed Prince Ribbit
  5507 | D:9      | Found Taboduff's Weapon Emporium.
  5507 | D:9      | Found a staircase to the Orcish Mines.
  5845 | D:9      | Reached skill level 5 in Dodging
  5898 | D:9      | Reached skill level 5 in Fighting
  5968 | D:9      | Noticed a two-headed ogre
  5979 | D:9      | Killed a two-headed ogre
  5979 | D:9      | Reached XP level 11. HP: 41/102 MP: 12/12
  6393 | D:10     | Entered Level 10 of the Dungeon
  6419 | D:10     | Found a stormy altar of Qazlal.
  6511 | D:10     | Found a staircase to the Lair.
  6639 | D:10     | Noticed Josephine
  6703 | D:10     | Killed Josephine
  6871 | D:10     | Noticed Maurice
  6887 | D:10     | Killed Maurice
  7006 | D:10     | Noticed Sonja
  7015 | D:10     | Killed Sonja
  7015 | D:10     | Reached skill level 12 in Unarmed Combat
  7232 | D:10     | Noticed a white ugly thing
  7256 | D:10     | Killed a white ugly thing
  7314 | D:10     | Noticed Urug
  7331 | D:10     | Killed Urug
  7465 | D:10     | Reached ***** piety under Trog
  7497 | D:10     | Noticed IjonTichy1's ghost (journeyman OpIE)
  7521 | D:10     | Killed IjonTichy1's ghost
  7521 | D:10     | Received a gift from Trog
  7664 | D:11     | Reached skill level 5 in Evocations
  7837 | D:11     | Noticed a two-headed ogre
  7909 | D:11     | Killed a two-headed ogre
  7991 | D:11     | Reached XP level 12. HP: 111/111 MP: 14/14
  8871 | D:12     | Reached skill level 13 in Unarmed Combat
  8917 | D:12     | Reached skill level 5 in Throwing
  8995 | D:12     | Noticed a two-headed ogre
  9000 | D:12     | Killed a two-headed ogre
  9170 | D:13     | Noticed a centaur warrior
  9170 | D:13     | Noticed a two-headed ogre
  9236 | Lair:1   | Entered Level 1 of the Lair of Beasts
 10266 | Lair:2   | Received a gift from Trog
 10731 | Lair:3   | Found a hole to the Spider Nest.
 10841 | Lair:3   | Reached skill level 14 in Unarmed Combat
 10903 | Lair:3   | Received a gift from Trog
 10906 | Lair:3   | Noticed a six-headed hydra
 11143 | Lair:3   | Reached XP level 13. HP: 102/118 MP: 15/15
 12062 | Lair:4   | Found a staircase to the Shoals.
 12741 | Lair:5   | Reached skill level 15 in Unarmed Combat
 13331 | Lair:5   | Reached skill level 10 in Throwing
 13500 | Lair:5   | Received a gift from Trog
 13705 | Lair:6   | Entered Level 6 of the Lair of Beasts
 13898 | Lair:6   | Received a gift from Trog
 14216 | Lair:6   | Reached XP level 14. HP: 120/128 MP: 16/16
 14380 | Lair:6   | Received a gift from Trog
 14759 | Lair:6   | Found a blossoming altar of Fedhas.
 14810 | Lair:6   | Found a viscous altar of Jiyva.
 14811 | Lair:6   | Found a staircase to the Slime Pits.
 15195 | Spider:1 | Entered Level 1 of the Spider Nest
 15208 | Spider:1 | Reached skill level 16 in Unarmed Combat
 15282 | Spider:1 | Received a gift from Trog
 16742 | Spider:2 | Noticed an entropy weaver
 16754 | Spider:2 | Killed an entropy weaver
 17253 | Spider:2 | Received a gift from Trog
 17314 | Spider:3 | Noticed Roxanne
 17610 | Spider:3 | Killed a ghost moth
 17758 | Spider:3 | Reached XP level 15. HP: 103/143 MP: 17/17
 17870 | Spider:3 | Reached ****** piety under Trog
 17947 | Spider:3 | Received a gift from Trog
 18659 | Spider:4 | Entered Level 4 of the Spider Nest
 18819 | Spider:4 | Noticed a ghost moth
 18824 | Spider:4 | Killed a ghost moth
 19060 | Spider:4 | Received a gift from Trog
 19060 | Spider:4 | Reached skill level 17 in Unarmed Combat
 19187 | Spider:4 | Reached skill level 1 in Armour
 19245 | Spider:4 | Slain by a spark wasp

Skill      XL: |  1  2  3  4  5  6  7  8  9 10 11 12 13 14 15 |
---------------+----------------------------------------------+-----
Unarmed Combat | 4 5 7 8 9 10 11 12 14 15 16 17 | 17.0
Shields        | 1 3 4 6 7 8 9 |  9.0
Throwing       | 3 4 7 10 | 10.0
Dodging        | 3 5 8 9 |  9.0
Fighting       | 3 5 7 8 |  8.7
Evocations     | 3 5 |  5.0
Armour         | 1 |  1.3

Action                   |  1- 3 |  4- 6 |  7- 9 | 10-12 | 13-15 || total
-------------------------+-------+-------+-------+-------+-------++-------
Melee: Unarmed           |    77 |    56 |   283 |   689 |  1068 ||  2173
       Punch             |     1 |     1 |       |       |       ||     2
Throw: Javelin           |       |       |       |     8 |    21 ||    29
       Large rock        |       |       |       |     8 |     3 ||    11
Invok: Trog's Hand       |       |     2 |     1 |     2 |     5 ||    10
       Berserk           |       |     1 |     2 |     8 |    17 ||    28
       Brothers in Arms  |       |       |       |       |     4 ||     4
Evoke: Wand              |       |       |       |       |    12 ||    12
       Sack of spiders   |       |       |       |       |     3 ||     3
       Phial of floods   |       |       |       |       |     2 ||     2
  Use: Scroll            |       |       |    16 |    11 |    11 ||    38
       Potion            |       |       |     2 |     1 |     4 ||     7
 Stab: Sleeping          |     2 |       |     1 |       |       ||     3
  Eat: Chunk             |    16 |     6 |    30 |    68 |    68 ||   188
       Royal jelly       |       |       |       |       |     8 ||     8
Armor: Animal skin       |    31 |    17 |    31 |       |       ||    79
       Robe              |       |       |    28 |    70 |   118 ||   216
Dodge: Dodged            |    52 |    29 |    78 |   389 |   739 ||  1287
Block: Shield            |       |       |   102 |   349 |   520 ||   971
